 Dungeon Crawl Stone Soup version 0.18.1-48-g4cf74bf (webtiles) character file.

288 Laphicet the Firebug (level 6, -6/51 HPs)
             Began as a Draconian Fire Elementalist on Sept 8, 2016.
             Mangled by an ogre
             ... wielding a +0 giant spiked club
              (23 damage)
             ... on level 4 of the Dungeon.
             The game lasted 00:10:29 (3445 turns).

Laphicet the Firebug (Draconian Fire Elementalist)  Turns: 3445, Time: 00:10:29

Health: -6/51      AC: 11    Str: 10    XL:     6   Next: 9%
Magic:  2/10       EV: 12    Int: 17    God:
Gold:   216        SH:  0    Dex: 12    Spells: 2 memorised, 6 levels left

rFire  . . .     SeeInvis .     (no weapon)
rCold  . . .     Gourm    .     (armour unavailable)
rNeg   . . .     Faith    .     (no shield)
rPois  .         Spirit   .     (helmet restricted)
rElec  .         Dismiss  .     s - +1 cloak
rCorr  .         Reflect  .     m - +2 pair of gloves
SustAt .         Harm     .     (no boots)
MR     .....                    (no amulet)
Stlth  ++........               (no ring)
                                (no ring)

@: not resistant to hostile enchantments, unstealthy
A: unfitting armour, cold-blooded, AC +6
a: no special abilities


You were on level 4 of the Dungeon.
You were not hungry.

You visited 1 branch of the dungeon, and saw 4 of its levels.

You collected 216 gold pieces.

Inventory:

Armour
 m - a +2 pair of gloves (worn)
 s - a +1 cloak (worn)
Jewellery
 c - an uncursed amulet of faith
Scrolls
 e - a scroll of random uselessness {unknown}
 f - 2 scrolls of teleportation
 i - a scroll of noise {unknown}
 j - a scroll of remove curse
 k - 3 scrolls of fear
 l - 3 scrolls of fog
 n - a scroll of immolation {unknown}
 r - a scroll of enchant weapon {unknown}
Potions
 d - 5 potions of curing
 o - a potion of brilliance
 p - 3 potions of heal wounds
 q - a potion of flight
 t - a potion of magic {unknown}
 u - 2 potions of ambrosia {unknown}
Books
 a - a book of Flames

   Spells                             Type                      Level
   a - Flame Tongue                   Conjuration/Fire             1
   b - Throw Flame                    Conjuration/Fire             2
   c - Conjure Flame                  Conjuration/Fire             3
   d - Inner Flame                    Hexes/Fire                   3
   e - Sticky Flame                   Conjuration/Fire             4
   f - Fireball                       Conjuration/Fire             5
Comestibles
 b - 3 bread rations
 g - 3 meat rations
 h - 3 chunks of flesh


   Skills:
 + Level 3.1 Fighting
 + Level 2.4 Dodging
 + Level 2.9 Stealth
 + Level 3.0 Spellcasting
 + Level 2.7 Conjurations
 + Level 3.7 Fire Magic


You had 6 spell levels left.
You knew the following spells:

 Your Spells              Type           Power        Failure   Level  Hunger
a - Flame Tongue          Conj/Fire      ##...        6%          1    None
s - Sticky Flame          Conj/Fire      ##......     58%         4    ####...


Dungeon Overview and Level Annotations

Branches:
Dungeon (4/15)
 Temple: D:4-7

Altars:
Qazlal
Yredelemnul


Innate Abilities, Weirdness & Mutations

Your plain brown scales are hard (AC +6).
Your body does not fit into most forms of armour.
You are cold-blooded and may be slowed by cold attacks.


Message History

Press: ? - help, Shift-Dir - straight line, f/p - ogre
Aim: an ogre, wielding a giant spiked club (heavily wounded)
The flame tongue hits the ogre.
The ogre is severely wounded.
The ogre closely misses you.
Casting: Flame Tongue
Confirm with . or Enter, or press ? or * to list all spells.
Aiming: Flame Tongue
Press: ? - help, Shift-Dir - straight line, f/p - ogre
Aim: an ogre, wielding a giant spiked club (severely wounded)
The flame tongue hits the ogre.
The ogre is severely wounded.
Casting: Flame Tongue
Confirm with . or Enter, or press ? or * to list all spells.
Aiming: Flame Tongue
Press: ? - help, Shift-Dir - straight line, f/p - ogre
Aim: an ogre, wielding a giant spiked club (severely wounded)
The flame tongue misses the ogre.
The ogre hits you with a giant spiked club!!
You die...

# #..(##
#...#..##
#.####..#
... ##.###
#.. #...# #.
###.# .. #.#
. #.# ..#
#@# ....#
#O#
......##.#
#....#
#...#......#
#. #......#
#......#
########


You could see an ogre.

Vanquished Creatures
  A howler monkey (D:4)
  2 orc wizards
  2 orc priests
  3 adders
  2 worms
  3 dart slugs
  A giant gecko (D:2)
  11 orcs (D:3)
  5 giant cockroaches
  13 goblins
  5 hobgoblins
  11 jackals
  6 kobolds
  2 quokkas (D:3)
  2 ball pythons
  5 bats
  A giant newt (D:1)
  A jackal skeleton (D:4)
  6 rats
82 creatures vanquished.

Notes
Turn   | Place    | Note
--------------------------------------------------------------
     0 | D:1      | Laphicet the Draconian Fire Elementalist began the quest for the Orb.
     0 | D:1      | Reached XP level 1. HP: 14/14 MP: 3/3
   161 | D:1      | Reached XP level 2. HP: 22/22 MP: 1/5
   790 | D:1      | Reached skill level 1 in Fighting
   790 | D:1      | Reached XP level 3. HP: 28/28 MP: 4/6
   838 | D:2      | Found a basalt altar of Yredelemnul.
  1071 | D:2      | Found a stormy altar of Qazlal.
  2107 | D:3      | Reached XP level 4. HP: 34/36 MP: 4/7
  2124 | D:3      | Learned a level 4 spell: Sticky Flame
  2638 | D:3      | Reached XP level 5. HP: 39/42 MP: 3/9
  3369 | D:4      | Reached XP level 6. HP: 44/51 MP: 5/10
  3445 | D:4      | Mangled by an ogre

Skill      XL: |  1  2  3  4  5 |
---------------+----------------+-----
Dodging        | 2 |  2.4
Fighting       | 1 2 3 |  3.1
Stealth        | 2 |  2.9
Conjurations   | 2 |  2.7
Spellcasting   | 3 |  3.0
Fire Magic     | |  3.7

Action                   |  1- 3 |  4- 6 || total
-------------------------+-------+-------++-------
Melee: Unarmed           |    26 |    50 ||    76
       Tailslap          |     3 |     6 ||     9
 Cast: Flame Tongue      |    72 |    83 ||   155
  Use: Scroll            |     9 |     4 ||    13
  Eat: Chunk             |     4 |     5 ||     9
Armor: Skin              |    30 |    44 ||    74
Dodge: Dodged            |    27 |    61 ||    88
